 Dungeon Crawl Stone Soup version 0.30-a0-458-g86641cc369 (webtiles) character file.

Game seed: 12290853686833003688

3732 Jackthecabe the Arsonist (level 9, -5/67 HPs)
             Began as a Demigod Conjurer on Dec 14, 2022.
             Killed from afar by Erica (29 damage)
             ... with a lance of force
             ... on level 8 of the Dungeon on Dec 15, 2022.
             The game lasted 00:29:41 (9800 turns).

Jackthecabe the Arsonist (Demigod Conjurer)         Turns: 9800, Time: 00:29:42

Health: -5/67      AC:  6    Str:  8    XL:     9   Next: 61%
Magic:  2/17       EV: 13    Int: 32    God:
Gold:   331        SH:  0    Dex: 12    Spells: 4/14 levels left

rFire   . . .      SeeInvis .    C - +1 dagger (speed)
rCold   . . .      Faith    .    (no shield)
rNeg    . . .      Spirit   .    a - +0 robe
rPois   .          Reflect  .    (no helmet)
rElec   .          Harm     .    (no cloak)
rCorr   .          Rampage  .    (no gloves)
Will    .....                    (no boots)
Stlth   ++........               (no amulet)
HPRegen 0.31/turn                T - +4 ring of protection
MPRegen 0.15/turn                (no ring)

@: lethally poisoned (-5 -> -10)
A: high MP 1, forlorn, divine attributes
a: no special abilities


You were on level 8 of the Dungeon.
You visited 1 branch of the dungeon, and saw 8 of its levels.
You also visited: Bailey.

You collected 361 gold pieces.
You spent 30 gold pieces at shops.


Innate Abilities, Weirdness & Mutations

You have an increased reservoir of magic. (+10% MP)
You shall have no god before yourself.
Your divine heritage dramatically boosts your attributes as you level up.


   Skills:
 - Level 2.0 Fighting
 - Level 4.0 Armour
 - Level 4.0 Dodging
 - Level 1.7 Stealth
 + Level 3.3 Spellcasting
 - Level 6.0 Conjurations
 - Level 6.0 Hexes
 - Level 8.0 Fire Magic


You had 4 spell levels left.
You knew the following spells:

 Your Spells              Type           Power      Damage    Failure   Level
f - Fulminant Prism       Conj/Hex       21%        3d12      5%          4
m - Magic Dart            Conj           100%       1d8       1%          1
r - Inner Flame           Hex/Fire       50%        N/A       1%          3
s - Searing Ray           Conj           86%        2d7       1%          2

Your spell library contained the following spells:

 Spells                   Type           Power      Damage    Failure   Level
 Kiss of Death            Conj/Necr      96%        2d12      1%          1
 Confusing Touch          Hex            43%        N/A       1%          3
 Dazzling Flash           Conj/Hex       86%        N/A       1%          3
 Momentum Strike          Conj/Tloc      48%        3d9       2%          2
 Flame Wave               Conj/Fire      50%        2d12      3%          4
 Sticky Flame             Conj/Fire      50%        2d7       3%          4
 Blink                    Tloc           10%        N/A       10%         2
 Lesser Beckoning         Tloc           10%        N/A       19%         3
 Ozocubu's Armour         Ice            5%         N/A       19%         3
 Iskenderun's Mystic Bla  Conj/Tloc      24%        2d7       19%         4
 Dispel Undead            Necr           5%         3d7       52%         4
 Metabolic Englaciation   Hex/Ice        12%        N/A       45%         5
 Simulacrum               Ice/Necr       2%         N/A       100%        6

Inventory:

Hand Weapons
 C - a +1 dagger of speed (weapon)
Missiles
 d - 16 poisoned darts
 l - 2 throwing nets {=f}
 G - 5 curare-tipped darts {=f}
Armour
 a - a +0 robe (worn)
 s - a +0 troll leather armour {Pargi}
 F - a +0 pair of gloves
 L - a +0 cloak
Magical Staves
 m - a staff of conjuration {!a}
Jewellery
 v - a ring of see invisible
 T - a +4 ring of protection (left hand)
Wands
 q - a wand of polymorph (20)
 u - a wand of iceblast (6)
 w - a wand of flame (21)
 x - a wand of paralysis (12)
 B - a wand of mindburst (8)
 J - a wand of acid (4)
Scrolls
 e - a scroll of enchant armour {unknown}
 f - a scroll of vulnerability {unknown}
 g - 3 scrolls of blinking
 j - 2 scrolls of enchant weapon {unknown}
 n - 2 scrolls of teleportation {@r2}
 o - 4 scrolls of magic mapping {unknown}
 p - a scroll of identify {@r1}
 t - a scroll of immolation {unknown}
 y - a scroll of poison {unknown}
 A - a scroll of fear
 D - a scroll of brand weapon {unknown}
 I - a scroll of butterflies {unknown}
Potions
 b - 4 potions of magic
 c - a potion of resistance {unknown}
 h - a potion of brilliance {unknown}
 i - 2 potions of flight
 k - 5 potions of mutation {unknown}
 r - a potion of heal wounds {@q2}
 z - a potion of degeneration {unknown}
 E - a potion of curing {unknown}
 H - a potion of lignification {unknown}
 K - a potion of invisibility {unknown}

Dungeon Overview and Level Annotations

Branches:
Dungeon (8/15)             Temple (0/1) D:4          Bailey (visited)
   Lair: D:8-11

Shops:
D:4 *   D:6 **

Annotations:
D:8 Erica

#..............).#
#.##############.#
#.# #.# #.# #.#
#.# #.# #.# #.#
#.# #.# #.########
#.# #@#......####
#.# #.#.##......#
#.# #{#.##.#.##.#
#.# #y#.##.#..#.#
#.# #.#..#.##.#.#
#.# #g##.#....#.#
#.# #.##.######.#
#.# #.##.# #.# #.#
#.##.# #.# #.#


You could see a killer bee and a gnoll.


Message History

Erica points at you and mumbles some strange words.
You resist with some effort.
You feel sick.
You feel less confused.
You feel sick.
You are no longer poisoned.
Erica points at you and mumbles some strange words.
The bolt of poison hits you!!
You are poisoned.
* * * LOW HITPOINT WARNING * * *
Unknown command.
You feel very sick.
Erica casts a spell.
Erica flickers and vanishes!
Deactivating autopickup; reactivate with Ctrl-A.
Casting: Fulminant Prism (dangerous; 5% risk of failure)
Confirm with . or Enter, or press ? or * to list all spells.
Aiming: Searing Ray (safe; 1% risk of failure)
Press: ? - help, Shift-Dir - straight line, f - killer bee
Aim: a killer bee (almost dead, 63% to hit)
The searing ray hits something.
The searing ray hits the killer bee!
You kill the killer bee!
The searing ray hits the killer bee!
The killer bee is heavily wounded. (Press . to maintain the ray.)
You feel sick.
You hear some strange, mumbled words.
A lance of force appears from out of thin air!
The lance of force hits you!!
You die...

Skill      XL: |  1  2  3  4  5  6  7  8  9 |
---------------+----------------------------+-----
Spellcasting   | 2 3 |  3.3
Conjurations   | 4 5 6 |  6.0
Hexes          | 1 3 4 6 |  6.0
Fire Magic     | 3 6 8 |  8.0
Fighting       | 2 |  2.0
Dodging        | 4 |  4.0
Armour         | 1 4 |  4.0
Stealth        | |  1.7

Action                   |  1- 3 |  4- 6 |  7- 9 || total
-------------------------+-------+-------+-------++-------
Melee: Dagger            |       |       |    10 ||    10
 Cast: Magic Dart        |    77 |    52 |   140 ||   269
       Searing Ray       |     4 |     9 |    35 ||    48
       Inner Flame       |       |     1 |       ||     1
       Fulminant Prism   |       |     4 |    34 ||    38
Evoke: Wand              |       |       |    12 ||    12
  Use: Scroll            |       |       |     4 ||     4
       Potion            |       |       |     1 ||     1
 Stab: Paralysed         |       |       |     1 ||     1
Armor: Robe              |     1 |     1 |    19 ||    21
Dodge: Dodged            |     2 |     7 |    71 ||    80

Levels and vault maps discovered:
D:1:      wander_arrival_lonely_grave, layout_basic
D:2:      layout_basic, dreamdust_ecumenical_altar_angels_and_demons
D:3:      layout_basic, mainiacjoe_overflow_tiny_flanked
D:4:      layout_rooms, mainiacjoe_overflow_24_doors,
          nicolae_sif_muna_condensation, minmay_temple_entry_mini_moons,
          nicolae_shop_fire_sale [nicolae_sub_dead_trees], uniq_eustachio,
          uniq_pargi
D:5:      layout_loops_cross, uniq_sigmund
D:6:      layout_gridville, makhleb_blood_cavern_becter, okawaru_gym_becter,
          minmay_misc_feat_enclosed, nicolae_specific_store
D:7:      layout_basic, general_overflow_altar, enter_bailey_3, uniq_pikel
D:8:      layout_basic, nicolae_wu_jian_immortal_techniques, uniq_maurice,
          uniq_grum, uniq_erica

Notes
Turn   | Place    | Note
-------+----------+-------------------------------------------
     0 | D:1      | Jackthecabe the Demigod Conjurer began the quest for the
                  | Orb.
     0 | D:1      | Reached XP level 1. HP: 14/14 MP: 5/5
   181 | D:1      | Reached skill level 2 in Spellcasting
   284 | D:1      | Reached XP level 2. HP: 20/20 MP: 2/7
   329 | D:1      | Learned a level 2 spell: Searing Ray
   627 | D:1      | Reached skill level 4 in Conjurations
  1611 | D:2      | Reached XP level 3. HP: 26/26 MP: 7/9
  2667 | D:3      | Reached XP level 4. HP: 33/33 MP: 1/11
  2802 | D:3      | Reached skill level 3 in Spellcasting
  3175 | D:3      | Noticed an ogre
  3191 | D:3      | Killed an ogre
  3192 | D:3      | Reached skill level 5 in Conjurations
  3192 | D:3      | Reached skill level 1 in Hexes
  3192 | D:3      | Reached XP level 5. HP: 38/38 MP: 3/12
  3304 | D:3      | Learned a level 4 spell: Fulminant Prism
  3308 | D:3      | Learned a level 3 spell: Inner Flame
  3327 | D:4      | Reached skill level 2 in Hexes
  3554 | D:4      | Noticed a black bear
  3605 | D:4      | Found Mabrioff's Fire Supplies.
  3747 | D:4      | Killed a black bear
  3748 | D:4      | Reached skill level 3 in Hexes
  3748 | D:4      | Reached XP level 6. HP: 45/45 MP: 7/13
  3824 | D:4      | Found a staircase to the Ecumenical Temple.
  3834 | D:4      | Noticed Eustachio
  3911 | D:4      | Killed Eustachio
  3912 | D:4      | Reached skill level 6 in Conjurations
  4065 | D:4      | Noticed Pargi
  4073 | D:4      | Killed Pargi
  4074 | D:4      | Reached skill level 4 in Hexes
  4074 | D:4      | Reached XP level 7. HP: 50/50 MP: 3/14
  4400 | D:5      | Entered Level 5 of the Dungeon
  4521 | D:5      | Reached skill level 5 in Hexes
  4696 | D:5      | Noticed Sigmund
  5076 | D:5      | Killed Sigmund
  5077 | D:5      | Reached skill level 6 in Hexes
  5077 | D:5      | Reached skill level 1 in Fire Magic
  5384 | D:6      | Reached skill level 2 in Fire Magic
  5556 | D:6      | Reached skill level 3 in Fire Magic
  5637 | D:6      | Reached XP level 8. HP: 57/57 MP: 7/15
  5835 | D:6      | Found Luxteag's General Store.
  5837 | D:6      | Found Jappywnu's Specific Store.
  5867 | D:6      | Reached skill level 4 in Fire Magic
  5978 | D:6      | Bought a scroll of identify for 30 gold pieces
  6420 | D:6      | Reached skill level 5 in Fire Magic
  6926 | D:7      | Found a flagged portal.
  6932 | Bailey   | Entered a bailey
  6967 | Bailey   | Reached skill level 6 in Fire Magic
  7222 | Bailey   | Noticed an orc warlord
  7250 | Bailey   | Reached skill level 2 in Fighting
  7250 | Bailey   | Reached skill level 2 in Dodging
  7266 | Bailey   | Noticed an orc knight
  7717 | D:7      | Reached skill level 3 in Dodging
  7949 | D:7      | Noticed Pikel
  8212 | D:6      | Reached skill level 4 in Dodging
  8276 | D:6      | Reached skill level 1 in Armour
  8356 | D:7      | Reached XP level 9. HP: 46/61 MP: 8/16
  8540 | D:7      | Killed Pikel
  8541 | D:7      | Reached skill level 4 in Armour
  9465 | D:8      | Noticed Grum
  9469 | D:8      | Reached skill level 7 in Fire Magic
  9471 | D:8      | Killed Grum
  9650 | D:8      | Noticed Maurice
  9663 | D:8      | Paralysed by Maurice for 5 turns
  9672 | D:8      | Killed Maurice
  9673 | D:8      | Reached skill level 8 in Fire Magic
  9773 | D:8      | Noticed Erica
  9800 | D:8      | Killed from afar by Erica

Vanquished Creatures
  Pikel (D:7)
  Maurice (D:8)
  Sigmund (D:5)
  Grum (D:8)
  A steam dragon (D:6)
  Eustachio (D:4)
  Pargi (D:4)
  An ice beast (D:7)
  3 orc warriors
  A black bear (D:4)
  3 wolves (D:8)
  3 ogres
  3 phantoms
  A kobold brigand (D:6)
  3 necrophages
  A bullfrog (D:4)
  4 wights
  A killer bee (D:8)
  A howler monkey (D:5)
  2 gnoll boudas
  An orc priest (D:2)
  A jelly (D:7)
  2 iguanas
  2 orc wizards
  A hound skeleton (D:6)
  15 gnolls
  5 adders
  3 white imps
  2 ufetubi
  3 worms (D:3)
  2 dart slugs
  19 orcs
  3 endoplasms
  5 giant cockroaches
  17 goblins
  4 hobgoblins (Bailey)
  A quokka (D:1)
  8 ball pythons
  2 bats
  22 kobolds
  4 rats
156 creatures vanquished.

Vanquished Creatures (others)
  38 fulminant prisms
38 creatures vanquished.

Grand Total: 194 creatures vanquished

Table legend: (Time is in decaauts)
 A = Elapsed time spent in this place.
 B = Non-inter-level travel time spent in this place.
 C = Inter-level travel time spent in this place.
 D = Time resting spent in this place.
 E = Time spent auto-exploring this place.
 F = Levels seen in this place.
 G = Mean time per level.
                   A        B        C        D        E       F      G
               +--------+--------+--------+--------+--------+-----+--------+
         Total |   9813 |   9354 |    459 |   1719 |   6285 |   9 | 1090.3 |
       Dungeon |   9351 |   8892 |    459 |   1554 |   6114 |   8 | 1168.9 |
        Bailey |    462 |    462 |      0 |    165 |    171 |   1 |  462.0 |
               +--------+--------+--------+--------+--------+-----+--------+

Top non-repeatable levels by time:
     D:6: 2011 daAuts
     D:7: 1580 daAuts
     D:1: 1289 daAuts
     D:4: 1139 daAuts
     D:2: 1079 daAuts
     D:3: 1065 daAuts
     D:5: 960 daAuts
  Bailey: 462 daAuts
     D:8: 225 daAuts

Table legend:
 A = Non-vault XP
 B = Vault XP
 C = Vault XP percentage of total XP
 D = Non-vault monster count
 E = Vault monster count
 F = Vault count percentage of total count
                 A         B        C        D         E       F
            +---------+---------+-------+---------+---------+-------
      Total |    2765 |    2628 |  48.7 |     120 |      36 |  23.1
            +---------+---------+-------+---------+---------+-------
        D:1 |      39 |       0 |   0.0 |      24 |       0 |   0.0
        D:2 |      65 |       0 |   0.0 |      11 |       0 |   0.0
        D:3 |     167 |       0 |   0.0 |      11 |       0 |   0.0
        D:4 |     298 |     314 |  51.3 |      16 |       2 |  11.1
        D:5 |     297 |     226 |  43.2 |      11 |       1 |   8.3
        D:6 |    1188 |     106 |   8.2 |      28 |       2 |   6.7
        D:7 |     621 |     625 |  50.2 |      16 |       5 |  23.8
        D:8 |      90 |    1026 |  91.9 |       3 |       5 |  62.5
     Bailey |       0 |     331 | 100.0 |       0 |      21 | 100.0
            +---------+---------+-------+---------+---------+-------
